 Dungeon Crawl Stone Soup version 0.20-a0-522-g0b37eee (webtiles) character file.

2767 polly the Cleaver (level 9, -2/81 HPs)
             Began as a Minotaur Berserker on Jan 26, 2017.
             Was a High Priest of Trog.
             Killed from afar by an electric eel (3 damage)
             ... with a bolt of electricity
             ... on level 8 of the Dungeon.
             The game lasted 00:09:51 (5812 turns).

polly the Cleaver (Minotaur Berserker)              Turns: 5812, Time: 00:09:51

Health: -2/81      AC: 16    Str: 25    XL:     9   Next: 42%
Magic:  8/8        EV:  4    Int:  4    God:    Trog [*****.]
Gold:   250        SH: 15    Dex: 10    Spells: 8/8 levels left

rFire    . . .     SeeInvis +   v - +0 war axe
rCold    . . .     Gourm    .   z - +0 plate armour
rNeg     . . .     Faith    .   x - +0 large shield
rPois    .         Spirit   .   (helmet restricted)
rElec    .         Reflect  .   r - +1 cloak
rCorr    .         Harm     .   y - +0 pair of gloves
MR       .....                  (no boots)
Stlth    ..........             (no amulet)
Regen    0.3/turn               (no ring)
                                (no ring)

@: flying, invisible
A: retaliatory headbutt, claws 1, horns 2, see invisible
a: Berserk, Trog's Hand, Brothers in Arms, Burn Spellbooks, Renounce Religion


You were on level 8 of the Dungeon.
You worshipped Trog.
Trog was extremely pleased with you.
You were not hungry.

You visited 1 branch of the dungeon, and saw 9 of its levels.

You collected 361 gold pieces.
You spent 111 gold pieces at shops.

Inventory:

Hand Weapons
 v - a +0 war axe (weapon)
Armour
 r - a +1 cloak (worn)
 x - a +0 large shield (worn)
 y - a +0 pair of gloves (worn)
 z - a +0 plate armour (worn)
Jewellery
 D - an uncursed ring of positive energy {unknown}
Wands
 a - a wand of lightning (5/15)
 u - a wand of flame (30/48)
Scrolls
 e - 2 scrolls of enchant armour {unknown}
 g - a scroll of immolation {unknown}
 h - 15 scrolls of identify {unknown}
 i - 2 scrolls of recharging {unknown}
 j - 11 scrolls of remove curse {unknown}
 l - 3 scrolls of fog {unknown}
 o - 4 scrolls of enchant weapon {unknown}
 p - a scroll of fear {unknown}
 q - 5 scrolls of blinking {unknown}
 s - 4 scrolls of teleportation {unknown}
 w - 2 scrolls of amnesia {unknown}
 B - 4 scrolls of magic mapping {unknown}
 F - a scroll of vulnerability {unknown}
 G - a scroll of noise {unknown}
Potions
 k - a potion of degeneration {unknown}
 m - a potion of flight
 n - a potion of mutation
 t - a potion of curing {unknown}
 A - a potion of cancellation {unknown}
 C - a potion of beneficial mutation {unknown}
 E - a potion of haste {unknown}
Comestibles
 b - 9 fruits
 c - 7 bread rations
 f - 5 royal jellies
 H - a chunk of flesh
 I - a meat ration


   Skills:
 + Level 7.8 Fighting
 + Level 11.1 Axes
 + Level 6.0 Armour
 + Level 4.4 Dodging
 - Level 0.5 Stealth
 + Level 5.1 Shields


You had 8 spell levels left.
You didn't know any spells.

Dungeon Overview and Level Annotations

Branches:
Dungeon (9/15)             Temple (0/1) D:7
   Lair: D:8-11         Orc: D:9-12

Altars:
Ashenzari
Cheibriados
Dithmenos
Elyvilon
Fedhas
Gozag
Hepliaklqana
Kikubaaqudgha
Makhleb
Nemelex Xobeh
Xom
The Shining One

Shops:
D:6 }([*[   D:7 [


Innate Abilities, Weirdness & Mutations

You reflexively headbutt those who attack you in melee.
You have a pair of horns on your head.
You have sharp fingernails.
You have supernaturally acute eyesight. (SInv)


Message History

* * * LOW HITPOINT WARNING * * *
Your shield and plate armour prevent you from hitting the electric eel.
The electric eel shoots out a bolt of lightning at you!
The bolt of electricity hits the electric eel.
The electric eel completely resists.
The bolt of electricity hits you!
* * * LOW HITPOINT WARNING * * *
It was a potion of mutation.
You feel extremely strange.
Your fingernails lengthen.
Your vision sharpens.
It was a potion of flight.
You feel very buoyant.
You fly up into the air.
It was a potion of invisibility.
You fade into invisibility!
The electric eel shoots out a bolt of lightning at you!
The bolt of electricity hits the electric eel.
The electric eel completely resists.
The bolt of electricity hits you!
* * * LOW HITPOINT WARNING * * *
The electric eel shoots out a bolt of lightning at you!
The bolt of electricity hits you!
You die...

#.......# #.#######
#....####+++## .........
.........≈... #.#######
#........≈... #.#
#........≈... #.#######
#.......≈≈≈[. #.......#
#.....≈≈≈≈..
#######.#####.....;≈≈≈≈.
#.........@;≈≈≈≈≈.
#.####......≈≈≈≈..
#######.# ####...!.≈...
........# #.........
.######## #####....#
....>.# ####.##.# #
.####.# #........ .# #
.# #.# #...(... .#.# .#
#.# ##...#.#.## ....#


You could see 2 electric eels.

Vanquished Creatures
  The ghost of sand the Ducker, a novice TeWr of Okawaru (D:5)
  A human (D:8)
  4 hogs (D:8)
  An ice beast (D:5)
  5 ogres
  A big kobold (D:7)
  3 bullfrogs
  A scorpion (D:4)
  A water moccasin skeleton (D:7)
  5 howler monkeys
  A crimson imp (D:7)
  A bullfrog skeleton (D:5)
  2 jellies
  A quasit (D:8)
  3 hounds
  2 orc priests
  Crazy Yiuf (D:2)
  4 orc wizards
  Ijyb (D:2)
  A worker ant (D:5)
  A worker ant zombie (D:8)
  Robin (D:2)
  9 adders
  A howler monkey skeleton (D:6)
  4 shadow imps
  An adder skeleton (D:6)
  3 worms
  2 dart slugs
  3 leopard geckos
  15 orcs
  A ball python (D:6)
  4 giant cockroaches
  9 goblins
  9 hobgoblins
  12 jackals
  15 kobolds
  5 quokkas
  8 bats
  6 frilled lizards
  A giant cockroach zombie (D:6)
  A goblin skeleton (D:8)
  A goblin zombie (D:8)
  3 hobgoblin zombies (D:8)
  2 leopard gecko skeletons
  An orc zombie (D:8)
  6 rats
164 creatures vanquished.

Notes
Turn   | Place    | Note
-------+----------+-------------------------------------------
     0 | D:1      | polly the Minotaur Berserker began the quest for the Orb.
     0 | D:1      | Reached XP level 1. HP: 19/19 MP: 0/0
    52 | D:1      | Reached XP level 2. HP: 9/27 MP: 1/1
   290 | D:1      | Reached skill level 4 in Axes
   320 | D:1      | Reached ** piety under Trog
   561 | D:2      | Reached XP level 3. HP: 32/33 MP: 2/2
   934 | D:2      | Found a runed door.
  1022 | D:2      | Noticed Ijyb
  1027 | D:2      | Noticed Robin
  1039 | D:2      | Killed Ijyb
  1039 | D:2      | Reached skill level 5 in Fighting
  1039 | D:2      | Reached XP level 4. HP: 24/42 MP: 3/3
  1043 | D:2      | Killed Robin
  1426 | D:2      | Noticed Crazy Yiuf
  1437 | D:2      | Killed Crazy Yiuf
  1437 | D:2      | Reached skill level 5 in Axes
  1437 | D:2      | Reached XP level 5. HP: 33/48 MP: 4/4
  1668 | D:3      | Found an opulent altar of Gozag.
  1678 | D:3      | Reached *** piety under Trog
  2066 | D:3      | Found a shimmering altar of Xom.
  2068 | D:3      | Found a snail-covered altar of Cheibriados.
  2068 | D:3      | Found a burning altar of Makhleb.
  2070 | D:3      | Found a shimmering altar of Xom.
  2070 | D:3      | Found a white marble altar of Elyvilon.
  2070 | D:3      | Found a blossoming altar of Fedhas.
  2239 | D:4      | Found a hazy altar of Hepliaklqana.
  2353 | D:4      | Noticed an ogre
  2361 | D:4      | Killed an ogre
  2361 | D:4      | Reached skill level 6 in Axes
  2361 | D:4      | Reached XP level 6. HP: 34/57 MP: 5/5
  2957 | D:4      | Found an ancient bone altar of Kikubaaqudgha.
  2989 | D:4      | Reached skill level 7 in Axes
  2989 | D:4      | Reached XP level 7. HP: 56/62 MP: 6/6
  3029 | D:5      | Entered Level 5 of the Dungeon
  3404 | D:5      | Reached **** piety under Trog
  3735 | D:5      | Noticed sand's ghost (novice TeWr)
  3755 | D:5      | Killed sand's ghost
  3755 | D:5      | Reached skill level 8 in Axes
  3755 | D:5      | Reached skill level 1 in Shields
  3851 | D:6      | Reached XP level 8. HP: 54/71 MP: 7/7
  3861 | D:6      | Reached skill level 5 in Armour
  4042 | D:6      | Found Zaarha's Gadget Emporium.
  4083 | D:6      | Reached skill level 9 in Axes
  4107 | D:6      | Found Icudyn's Armour Shoppe.
  4113 | D:6      | Bought a +0 pair of gloves for 45 gold pieces
  4309 | D:6      | Found Hahepiud's Assorted Antiques.
  4315 | D:6      | Bought a scroll labeled ITIOTEE OJETUL for 22 gold pieces
  4315 | D:6      | Bought a scroll labeled ITIOTEE OJETUL for 22 gold pieces
  4315 | D:6      | Bought a scroll labeled RUYXAF WECE for 22 gold pieces
  4329 | D:6      | Found Farovos's Antique Armour Shop.
  4382 | D:6      | Found a shadowy altar of Dithmenos.
  4506 | D:6      | You fall through a shaft for 3 floors!
  4526 | D:8      | Found a glowing golden altar of the Shining One.
  4598 | D:7      | Found a staircase to the Ecumenical Temple.
  4778 | D:7      | Found a glowing golden altar of the Shining One.
  4855 | D:7      | Found Xamneragh's Armour Boutique.
  4979 | D:6      | Found Vomoomi's Weapon Shoppe.
  5080 | D:7      | Reached skill level 10 in Axes
  5086 | D:7      | Reached ***** piety under Trog
  5169 | D:7      | Found a sparkling altar of Nemelex Xobeh.
  5673 | D:8      | Reached XP level 9. HP: 70/79 MP: 8/8
  5688 | D:8      | Reached skill level 11 in Axes
  5688 | D:8      | Reached skill level 5 in Shields
  5736 | D:8      | Found a shattered altar of Ashenzari.
  5810 | D:8      | Gained mutation: You have sharp fingernails. [potion of mutation]
  5810 | D:8      | Gained mutation: You have supernaturally acute eyesight. (SInv) [potion of mutation]
  5812 | D:8      | HP: 1/81 [electric eel/bolt of electricity (12)]
  5812 | D:8      | Killed from afar by an electric eel

Vault maps used:
D:1:      minmay_arrival_solitary_statue
D:2:      cheibrodos_helix_gallery, uniq_crazy_yiuf_cottage, uniq_iyjb,
          uniq_robin
D:3:      lemuel_upstairs_altar, doesnt_xom_only_xom, old_standard_altar,
          first_bread, kennysheep_generic_room_10
D:4:      overflow_temple_1_default, old_standard_altar
D:5:      st_stairs_8, grunt_decor_one_mirror
D:6:      grunt_dithmenos_smoke, serial_shops, shop, shop, kennysheep_mini,
          nicolae_shop_window_shopping, kennysheep_little_box,
          grunt_ministairs_1
D:7:      lemuel_doored_altar, nicolae_overflow_crystal_walls, temple_green,
          serial_shops, shop_statue
D:8:      argonaut_augean_stables, overflow_temple_1_default,
          grunt_temple_overflow_diamond, grunt_livestock,
          nicolae_tso_besieged_by_evil
D:9:      overflow_temple_1_default, basic_altar

Skill      XL: |  1  2  3  4  5  6  7  8  9 |
---------------+----------------------------+-----
Fighting       | 4 5 6 7 |  7.8
Axes           | 4 5 6 7 8 10 11 | 11.1
Dodging        | 3 4 |  4.4
Armour         | 3 4 5 6 |  6.0
Shields        | 1 3 5 |  5.1
Stealth        | |  0.5

Action                   |  1- 3 |  4- 6 |  7- 9 || total
-------------------------+-------+-------+-------++-------
Melee: Hand axe          |    88 |    46 |       ||   134
       Headbutt          |    13 |    18 |    48 ||    79
       War axe           |       |    65 |   228 ||   293
Invok: Berserk           |       |     2 |     1 ||     3
       Burn Spellbooks   |       |       |     1 ||     1
  Use: Potion            |       |       |     3 ||     3
  Eat: Chunk             |       |     5 |    11 ||    16
       Royal jelly       |       |     1 |       ||     1
       Fruit             |       |       |     1 ||     1
Armor: Animal skin       |    13 |     7 |       ||    20
       Chain mail        |       |    31 |    50 ||    81
       Plate armour      |       |       |    92 ||    92
Dodge: Dodged            |    72 |    54 |    41 ||   167
Block: Large shield      |       |       |   157 ||   157
